 Dungeon Crawl Stone Soup version 0.28.0-47-ge53b351184 (webtiles) character file.

Game seed: 8368325188025184908

9649 CryoSword the Destroyer (level 11, -12/78 HPs)
             Began as a Mummy Conjurer on Apr 28, 2022.
             Was a Follower of Ru.
             Mangled by a two-headed ogre
             ... wielding a +0 giant club
              (19 damage)
             ... on level 11 of the Dungeon.
             The game lasted 00:33:13 (14458 turns).

CryoSword the Destroyer (Mummy Conjurer)           Turns: 14458, Time: 00:33:13

Health: -12/78     AC: 12    Str: 12    XL:     11   Next: 25%
Magic:  6/23       EV:  5    Int: 25    God:    Ru [*.....]
Gold:   367        SH:  5    Dex: 14    Spells: 12/26 levels left

rFire   x . .      SeeInvis .   s - +1 whip (elec)
rCold   + . .      Faith    .   q - +0 buckler
rNeg    + + +      Spirit   .   y - +4 ring mail "Geilouh" {Will+ Dex+2}
rPois   ∞          Reflect  .   c - +1 helmet
rElec   .          Harm     .   n - scarf {shadows}
rCorr   .          Rampage  .   (no gloves)
Will    ++...                   (no boots)
Stlth   +.........              b - amulet of regeneration
HPRegen 1.03/turn               (no ring)
MPRegen 0.18/turn               F - +6 ring of intelligence

@: no status effects
A: cold resistance 1, negative energy resistance 3, torment resistance 2, heat
vulnerability 1, reduced EV 1, no potions
a: Renounce Religion


You were on level 11 of the Dungeon.
You worshipped Ru.
Ru was aware of your devotion.
You visited 2 branches of the dungeon, and saw 12 of its levels.

You collected 628 gold pieces.
You spent 261 gold pieces at shops.

Inventory:

Hand Weapons
 s - a +1 whip of electrocution (weapon)
   (You took it off a gnoll on level 5 of the Dungeon)
 D - a +5 war axe
   (You took it off a wight on level 8 of the Dungeon)
 G - a +2 scimitar of flaming
   (You took it off Erica on level 10 of the Dungeon)
Missiles
 a - 8 poisoned darts
 f - a throwing net
 i - 14 boomerangs
 j - 4 curare-tipped darts
 A - 2 silver boomerangs
Armour
 c - a +1 helmet (worn)
   (You found it on level 3 of the Dungeon)
 n - a scarf of shadows (worn)
   (You found it on level 5 of the Dungeon)
 q - a +0 buckler (worn)
   (You found it on level 4 of the Dungeon)
 y - the +4 ring mail "Geilouh" (worn) {Will+ Dex+2}
   (You bought it in a shop on level 3 of the Dungeon)

   Dex:       It affects your dexterity (+2).
   Will:      It increases your willpower.
Jewellery
 b - an amulet of regeneration (around neck)
   (You found it on level 1 of the Dungeon)
 k - an amulet of reflection
   (You found it on level 3 of the Dungeon)
 l - a ring of fire
   (You found it on level 3 of the Dungeon)
 C - a ring of see invisible
   (You found it on level 8 of the Dungeon)
 F - a +6 ring of intelligence (right hand)
   (You found it on level 10 of the Dungeon)
Wands
 o - a wand of iceblast (5) (quivered)
   (You took it off Ijyb on level 3 of the Dungeon)
 t - a wand of digging (4)
   (You found it on level 5 of the Dungeon)
 v - a wand of charming (11)
   (You found it on level 5 of the Dungeon)
 E - a wand of paralysis (5)
   (You found it on level 9 of the Dungeon)
 H - a wand of acid (3)
   (You found it on level 10 of the Dungeon)
Scrolls
 d - 3 scrolls of identify {@r1}
 e - 4 scrolls of enchant weapon
 g - 3 scrolls of blinking
 m - 2 scrolls of amnesia
 p - a scroll of vulnerability {!r}
 r - a scroll of silence
 u - 2 scrolls of immolation {!r}
 x - a scroll of fear
 z - 2 scrolls of magic mapping
Miscellaneous
 B - a box of beasts
   (You found it on level 9 of the Dungeon)


   Skills:
 + Level 4.4 Fighting
 * Level 3.7 Armour
 - Level 2.0 Dodging
 - Level 2.0 Stealth
 - Level 6.0 Shields
 + Level 8.3 Spellcasting
 * Level 8.6 Conjurations
 * Level 6.7 Hexes
 + Level 4.2 Translocations


You had 12 spell levels left.
You knew the following spells:

 Your Spells              Type           Power      Damage    Failure   Level
a - Magic Dart            Conj           100%       1d8       1%          1
b - Searing Ray           Conj           100%       2d8       1%          2
c - Fulminant Prism       Conj/Hex       24%        3d13      7%          4
d - Iskenderun's Mystic   Conj/Tloc      42%        2d10      11%         4
F - Dazzling Flash        Conj/Hex       96%        N/A       1%          3

Your spell library contained the following spells:

 Spells                   Type           Power      Damage    Failure   Level
 Ensorcelled Hibernation  Hex/Ice        54%        N/A       6%          2
 Animate Skeleton         Necr           20%        N/A       16%         1
 Passwall                 Tmut/Erth      8%         N/A       24%         2
 Swiftness                Air            10%        N/A       43%         3
 Haunt                    Necr/Summ      5%         N/A       100%        7
 Chain Lightning          Conj/Air       16%        3d21      100%        9


Dungeon Overview and Level Annotations

Branches:
Dungeon (11/15)            Temple (1/1) D:7            Lair (0/6) D:9
    Orc (0/2) D:10

Altars:
Ashenzari
Cheibriados
Dithmenos
Elyvilon
Fedhas
Gozag
Hepliaklqana
Kikubaaqudgha
Makhleb
Nemelex Xobeh
Okawaru
Qazlal
Ru
Sif Muna
Trog
Uskayaw
Vehumet
Wu Jian
Xom
Yredelemnul
Zin
The Shining One

Shops:
D:3 [   D:8 =

Portals:
Trove: D:10 (give +6 demon whip)

Annotations:
D:4 2 runed translucent doors, Peloso's ghost, amateur MiFi


Innate Abilities, Weirdness & Mutations

You are immune to poison.
Your flesh is cold resistant. (rC+)
You are immune to negative energy. (rN+++)
You are immune to unholy pain and torment.
You are vulnerable to heat. (rF-)
You have somewhat slow reflexes. (EV -5)
You do not drink.


Message History

The troll claws you. The troll claws you!
The searing ray hits the troll!
You finish channelling your searing ray.
The troll bites you! The troll claws you. The troll barely misses you.
The troll bites you. The troll claws you! You block the troll's attack.
Aim: a troll (severely wounded, 83% to hit)
The searing ray hits the troll! (Press . to maintain the ray.)
You block the troll's attack. The troll claws you but does no damage.
The troll claws you.
The searing ray hits the troll!
You kill the troll!
The troll leather armour is intact enough to wear.
Things that are here:
a +0 troll leather armour; a troll corpse The komodo dragon hisses angrily.
The komodo dragon bites you!
Aim: a komodo dragon (87% to hit)
The searing ray hits the komodo dragon! (Press . to maintain the ray.)
The searing ray hits the komodo dragon but does no damage.
The komodo dragon bites you!!
The searing ray hits the komodo dragon.
You block the komodo dragon's attack.
The searing ray hits the komodo dragon.
You finish channelling your searing ray.
The komodo dragon bites you!
* * * LOW HITPOINT WARNING * * *
You erupt in a blast of force!
The mystic blast hits the komodo dragon!
The komodo dragon is knocked back by the mystic blast.
The komodo dragon slams into the rock wall!
You block the komodo dragon's attack.
You erupt in a blast of force!
The mystic blast hits the komodo dragon.
The komodo dragon is knocked back by the mystic blast.
You erupt in a blast of force!
The mystic blast hits the komodo dragon!
The komodo dragon is knocked back by the mystic blast.
The komodo dragon slams into the rock wall!
You erupt in a blast of force!
The mystic blast hits the komodo dragon.
You kill the komodo dragon!
You start resting.
You start resting.
You now have 350 gold pieces (gained 12).
You now have 359 gold pieces (gained 9).
j - 4 curare-tipped darts
Things that are here:
a +0 flail of draining; 24 stones; a +0 chain mail
Things that are here:
a +0 mace; a +0 ring mail
Things that are here:
a +0 dagger; a +0 scale mail
m - 2 scrolls of amnesia (gained 1)
Things that are here:
a +0 dagger; a +0 ring mail
Things that are here:
a +0 dagger; a +0 scale mail
Things that are here:
a +0 mace; a +0 ring mail You now have 367 gold pieces (gained 8).
You see here a metallic yellow potion.
Found a leather armour.
A lindwurm is nearby!
You conjure a prism of explosive energy!
The lindwurm roars!
A fulminant prism comes into view.
You hear a roar!
You hear a loud crackle.
You hear an explosion!
You hear a roar!
You miscast Fulminant Prism.
You are very lightly contaminated with residual magic.
Nothing appears to happen.
You conjure a prism of explosive energy!
A fulminant prism comes into view.
Out of range.
Okay, then.
Your fulminant prism crackles loudly.
A lindwurm comes into view.
Found a murky dark potion.
You conjure a prism of explosive energy!
A fulminant prism comes into view.
Your magical contamination has completely faded away.
You conjure a prism of explosive energy!
A fulminant prism comes into view.
Your fulminant prism crackles loudly.
The lindwurm begins to attack, but is stunned by your conviction!
Your fulminant prism crackles loudly.
The blast of energy engulfs the lindwurm!
You hear a roar!
You hear an explosion!
You conjure a prism of explosive energy!
A fulminant prism comes into view.
You hear a loud crackle.
You hear an explosion!
The manticore flicks its tail.
The volley of spikes hits you!
The barbed spikes become lodged in your body.
The barbs in your skin will harm you if you move.
Continue?
The barbed spikes dig painfully into your body as you move.
The barbed spikes dig painfully into your body as you move.
The barbed spikes dig painfully into your body as you move.
You see here a metallic yellow potion.
You carefully extract the barbed spikes from your body.
The manticore flicks its tail.
The volley of spikes hits you!
The barbed spikes become lodged in your body.
You hit the manticore. The manticore bites you!
The manticore claws you but does no damage.
The manticore claws you.
* * * LOW HITPOINT WARNING * * *
You barely miss the manticore. You block the manticore's attack.
The manticore claws you.
* * * LOW HITPOINT WARNING * * *
The manticore claws you but does no damage.
You hit the manticore but do no damage.
You carefully extract the barbed spikes from your body.
The manticore bites you!
* * * LOW HITPOINT WARNING * * *
The manticore claws you but does no damage.
The manticore barely misses you.
You hit the manticore but do no damage.
The manticore is stunned by your conviction and fails to attack.
You hit the manticore. The manticore completely misses you.
The manticore claws you.
* * * LOW HITPOINT WARNING * * *
The manticore claws you!
* * * LOW HITPOINT WARNING * * *
You can't drink.
Unknown command.
As you read the scroll of teleportation {@r4}, it crumbles to dust.
You feel strangely unstable. The manticore bites you!
* * * LOW HITPOINT WARNING * * *
The manticore barely misses you.
The manticore claws you but does no damage.
You completely miss the manticore. The manticore closely misses you.
The manticore completely misses you. The manticore claws you.
* * * LOW HITPOINT WARNING * * *
You block the manticore's attack.
The manticore claws you but does no damage.
The manticore claws you.
* * * LOW HITPOINT WARNING * * *
As you read the scroll of fear, it crumbles to dust.
You assume a fearsome visage.
The manticore looks frightened!
Your surroundings suddenly seem different.
Okay, then.
The two-headed ogre shouts in stereo!
The white ugly thing gurgles horribly!
The two-headed ogre hits you with a +0 giant club!!
You die...

####### ###
###############.....# #..
#............(@O.u..#########.#
#.#############..........>....#
#.# #.....########### ###.#
#..>..# ....# ##..### ....#
#..# ##..## ### #### #.>.....#
##.#####.# ###


You could see a white ugly thing and a two-headed ogre.

Vanquished Creatures
  Erolcha (D:11)
  2 two-headed ogres
  Erica (D:10)
  A cyclops (D:9)
  A gargoyle (D:10)
  A kobold demonologist (D:11)
  2 komodo dragons
  4 trolls
  A hornet (D:9)
  A vampire (D:8)
  A wraith (D:8)
  A steam dragon (D:8)
  Duvessa (D:5)
  8 orc warriors
  3 sky beasts (D:6)
  2 black bears (D:6)
  A hornet zombie (D:8)
  2 ice beasts (D:5)
  A necrophage (D:4)
  An ogre (D:4)
  A centaur (D:10)
  A kobold brigand (D:10)
  2 bullfrogs (D:6)
  A gnoll sergeant (D:10)
  2 scorpions
  A water moccasin skeleton (D:5)
  Dowan (D:5)
  3 killer bees (D:9)
  8 wights
  A howler monkey (D:4)
  2 jellies
  A bullfrog zombie (D:6)
  3 centaur zombies (D:9)
  4 hounds
  5 orc priests
  2 gnoll shamans
  Ijyb (D:3)
  A centaur skeleton (D:6)
  9 orc wizards
  A killer bee zombie (D:6)
  A hound zombie (D:5)
  A hound skeleton (D:4)
  A howler monkey zombie (D:9)
  17 gnolls
  8 adders
  2 shadow imps
  A white imp (D:6)
  An adder skeleton (D:4)
  A dart slug (D:3)
  4 worms
  51 orcs
  6 endoplasms
  5 giant cockroaches
  11 goblins
  11 hobgoblins
  15 kobolds
  7 quokkas
  6 ball pythons
  6 bats
  5 frilled lizards
  6 rats
252 creatures vanquished.

Vanquished Creatures (others)
  17 fulminant prisms
17 creatures vanquished.

Grand Total: 269 creatures vanquished

Notes
Turn   | Place    | Note
-------+----------+-------------------------------------------
     0 | D:1      | CryoSword the Mummy Conjurer began the quest for the Orb.
     0 | D:1      | Reached XP level 1. HP: 13/13 MP: 4/4
   257 | D:1      | Reached XP level 2. HP: 19/19 MP: 4/6
   260 | D:1      | Learned a level 2 spell: Searing Ray
   743 | D:1      | Reached XP level 3. HP: 19/24 MP: 0/7
  2015 | D:2      | Found a faded altar of an unknown god.
  2202 | D:3      | Found Goubromo's Antique Armour Boutique.
  2472 | D:3      | Reached XP level 4. HP: 29/30 MP: 4/9
  2591 | D:3      | Noticed Ijyb
  2610 | D:3      | Killed Ijyb
  2698 | D:3      | Reached XP level 5. HP: 35/35 MP: 3/11
  2951 | D:3      | Reached skill level 5 in Conjurations
  3813 | D:4      | Found a runed translucent door.
  3818 | D:4      | Reached XP level 6. HP: 40/41 MP: 7/13
  3992 | D:4      | Reached skill level 5 in Spellcasting
  4102 | D:4      | Learned a level 4 spell: Fulminant Prism
  4107 | D:4      | Learned a level 4 spell: Iskenderun's Mystic Blast
  4136 | D:4      | Noticed Peloso's ghost (amateur MiFi)
  4574 | D:4      | Reached skill level 1 in Hexes
  4574 | D:4      | Reached XP level 7. HP: 46/46 MP: 11/15
  4579 | D:4      | Reached skill level 1 in Shields
  4677 | D:4      | Found a runed translucent door.
  4816 | D:5      | Entered Level 5 of the Dungeon
  4968 | D:5      | Reached skill level 1 in Translocations
  5149 | D:5      | Noticed Duvessa
  5149 | D:5      | Noticed Dowan
  5160 | D:5      | Killed Duvessa
  5160 | D:5      | HP: 2/46 [Dowan/shard of ice (23)]
  5253 | D:5      | Killed Dowan
  5254 | D:5      | Reached XP level 8. HP: 52/52 MP: 9/16
  6537 | D:6      | Reached skill level 1 in Fighting
  7241 | D:6      | Reached XP level 9. HP: 20/61 MP: 2/18
  7421 | D:3      | Bought a masterwork ring mail for 261 gold pieces
  7421 | D:3      | Identified the +4 ring mail "Geilouh" {Will+ Dex+2} (You
                  | bought it in a shop on level 3 of the Dungeon)
  7993 | D:7      | Learned a level 3 spell: Dazzling Flash
  8511 | D:7      | Found a staircase to the Ecumenical Temple.
  8516 | Temple   | Entered the Ecumenical Temple
  8853 | D:8      | Noticed a two-headed ogre
  8964 | D:7      | Killed a two-headed ogre
  9370 | D:8      | Reached skill level 5 in Hexes
  9649 | D:8      | Got the Compendium of Attacks and Stolen Souls
  9690 | D:8      | You fall into a shaft and drop 3 floors!
  9690 | D:11     | Noticed a kobold demonologist
  9692 | D:11     | Noticed Erolcha
  9818 | D:11     | Noticed a manticore
  9888 | D:11     | Noticed a komodo dragon
  9905 | D:11     | Noticed a manticore
  9919 | D:11     | Noticed a two-headed ogre
  9991 | D:10     | Entered Level 10 of the Dungeon
  9993 | D:10     | Noticed a gargoyle
 10215 | D:9      | Noticed a troll
 10233 | D:9      | Noticed a cyclops
 10263 | D:9      | Killed a troll
 10286 | D:9      | Killed a cyclops
 10287 | D:9      | Reached skill level 1 in Armour
 10287 | D:9      | Reached XP level 10. HP: 28/70 MP: 2/21
 10499 | D:9      | Reached skill level 5 in Shields
 10629 | D:8      | Found Tavilergh's One-of-a-Kind Rings.
 11762 | D:9      | Found a sacrificial altar of Ru.
 11769 | D:9      | Became a worshipper of Ru the Awakened
 12010 | D:9      | Found a bloodstained altar of Trog.
 12132 | D:9      | Found a staircase to the Lair.
 12428 | D:10     | Found a portal to a secret trove of treasure.
 12980 | D:10     | Killed a gargoyle
 13061 | D:10     | Found a staircase to the Orcish Mines.
 13251 | D:10     | Gained mutation: You have somewhat slow reflexes. (EV -5)
                  | [Ru sacrifice]
 13251 | D:10     | Reached * piety under Ru
 13263 | D:10     | Noticed a two-headed ogre
 13361 | D:9      | Killed a two-headed ogre
 13432 | D:10     | Noticed Erica
 13441 | D:10     | Killed Erica
 13442 | D:10     | Reached XP level 11. HP: 77/77 MP: 4/23
 13684 | D:10     | Identified the +5 hunting sling of Xyhawk {venom, Int+4}
 13847 | D:11     | Noticed a white ugly thing
 13880 | D:11     | Noticed a lindwurm
 13996 | D:11     | Killed Erolcha
 14428 | D:11     | Noticed a lindwurm
 14454 | D:11     | HP: 3/78 [manticore (3)]
 14458 | D:11     | Mangled by a two-headed ogre

Illustrated notes

Levels and vault maps discovered:
D:1:      wander_arrival_estate, layout_loops_ring
D:2:      layout_basic, shapermc_ecumenical_altar_mp_highgroup
D:3:      layout_basic, serial_shops, nicolae_square_shop,
          minmay_joined_circles, uniq_ijyb
D:4:      layout_rooms, ebering_ghost_sewer_f, chequers_garden
D:5:      layout_rooms, uniq_duvessa
D:6:      layout_cave_pods
D:7:      layout_loops_ring, temple_doors_e
D:8:      layout_basic, grunt_ministairs_4, nicolae_shop_unique_rings
D:9:      layout_cave_pools, mainiacjoe_overflow_large_starburst,
          dpeg_oklobed_lair, chequers_serial_rivers_small_a,
          hangedman_abyss_or_decor_lesser_grid, kennysheep_small_circle
D:10:     layout_irregular_city, david_orc_3, trove_entry_hex_spiral, uniq_erica
D:11:     layout_loops_ring, minmay_lindwurm_lava, uniq_erolcha
Temple:   mainiacjoe_temple_big_plus

Skill      XL: |  1  2  3  4  5  6  7  8  9 10 11 |
---------------+----------------------------------+-----
Spellcasting   | 3 4 5 6 7 8 |  8.3
Conjurations   | 4 5 6 7 8 |  8.6
Stealth        | 2 |  2.0
Hexes          | 1 2 4 5 6 |  6.7
Shields        | 2 3 4 5 6 |  6.0
Translocations | 1 2 3 4 |  4.2
Fighting       | 1 3 4 |  4.4
Armour         | 1 3 |  3.7
Dodging        | 2 |  2.0

Action                   |  1- 3 |  4- 6 |  7- 9 | 10-12 || total
-------------------------+-------+-------+-------+-------++-------
Melee: Short sword       |    13 |    20 |     1 |       ||    34
       Dagger            |     2 |       |       |       ||     2
       Punch             |       |     1 |       |       ||     1
       Whip              |       |       |    14 |    36 ||    50
Throw: Throwing net      |       |       |     1 |       ||     1
 Cast: Magic Dart        |    18 |     2 |       |     1 ||    21
       Searing Ray       |    30 |    41 |   101 |    71 ||   243
       Fulminant Prism   |       |       |     2 |    15 ||    17
       Dazzling Flash    |       |       |     4 |       ||     4
       Iskenderun's Myst |       |       |       |    11 ||    11
Invok: Sacrifice Health  |       |       |       |     1 ||     1
Evoke: Wand              |       |       |     3 |       ||     3
  Use: Scroll            |       |     4 |     6 |     7 ||    17
 Stab: Sleeping          |     1 |       |     1 |       ||     2
Armor: Robe              |     4 |    10 |    14 |       ||    28
       Ring mail         |       |       |    57 |    84 ||   141
Dodge: Dodged            |    26 |    33 |   128 |    84 ||   271
Block: Buckler           |       |       |    64 |    59 ||   123
